 Dungeon Crawl Stone Soup version 0.28-a0-1624-g820543e53a (webtiles) character file.

Game seed: 10334457327959696246

181 ders the Chopper (level 5, -2/75 HPs)
             Began as a Minotaur Berserker on Jan 23, 2022.
             Was a Believer of Trog.
             Killed from afar by an orc wizard (8 damage)
             ... with a magic dart
             ... on level 1 of the Dungeon.
             The game lasted 00:04:26 (2723 turns).

ders the Chopper (Minotaur Berserker)               Turns: 2723, Time: 00:04:26

Health: -2/75      AC:  2    Str: 30    XL:     5   Next: 34%
Magic:  4/4        EV: 12    Int:  4    God:    Trog [**....]
Gold:   69         SH:  0    Dex:  9    Spells: 4/4 levels left

rFire   . . .      SeeInvis .   a - +0 hand axe
rCold   . . .      Faith    .   (no shield)
rNeg    . . .      Spirit   .   b - +0 animal skin
rPois   .          Reflect  .   (helmet restricted)
rElec   .          Harm     .   (no cloak)
rCorr   .          Rampage  .   (no gloves)
Will    .....                   (no boots)
Stlth   ..........              (no amulet)
HPRegen 0.22/turn               h - +6 ring of strength
MPRegen 0.09/turn               (no ring)

@: berserking (expiring), very quick
A: horns 2, retaliatory headbutt
a: Renounce Religion, Berserk, Trog's Hand


You were on level 1 of the Dungeon.
You worshipped Trog.
Trog was pleased with you.
You visited 1 branch of the dungeon, and saw 3 of its levels.

You collected 69 gold pieces.

Inventory:

Hand Weapons
 a - a +0 hand axe (weapon)
Armour
 b - a +0 animal skin (worn)
Jewellery
 h - a +6 ring of strength (left hand)
Wands
 f - a wand of iceblast (13)
Scrolls
 c - 2 scrolls of noise {unknown}
 j - a scroll of identify {unknown}
 k - a scroll of summoning {unknown}
Potions
 d - a potion of attraction {unknown}
 e - 2 potions of haste {unknown}
 g - a potion of ambrosia {unknown}
 i - a potion of mutation {unknown}


   Skills:
 + Level 5.7 Fighting
 + Level 5.7 Axes
 - Level 2.5 Armour
 - Level 2.2 Dodging


You had 4 spell levels left.
You didn't know any spells.
Your spell library was empty.

Dungeon Overview and Level Annotations

Branches:
Dungeon (3/15)

Altars:
Dithmenos


Innate Abilities, Weirdness & Mutations

You have a pair of horns on your head.
You reflexively headbutt those who attack you in melee.


Message History

You slash the ball python!
You kill the ball python!
Trog accepts your kill.
You miss something. Something hits you.
A rat comes into view.
Found a scroll labelled GAONAI TYWEZOF.
You hear some strange, mumbled words.
A puff of flame appears from out of thin air!
The puff of flame hits you!
* * * LOW HITPOINT WARNING * * *
Something hits you.
* * * LOW HITPOINT WARNING * * *
Something hits you.
* * * LOW HITPOINT WARNING * * *
There is an escape hatch in the ceiling here.
Something hits you.
* * * LOW HITPOINT WARNING * * *
A mysterious force pulls you upwards. The hatch slams shut behind you.
Reactivating autopickup.
A magic dart appears from out of thin air!
Deactivating autopickup; reactivate with Ctrl-A.
The magic dart hits you.
* * * LOW HITPOINT WARNING * * *
A red film seems to cover your vision as you go berserk!
You feel yourself moving faster!
You feel mighty!
You feel a strong urge to attack something.
There is a stone staircase leading up here.
You climb upwards.
Reactivating autopickup.
You feel your anger nearly subside.
There is a stone staircase leading down here.
There is a strange disturbance nearby!
Deactivating autopickup; reactivate with Ctrl-A.
You miss something. Something hits you.
* * * LOW HITPOINT WARNING * * *
You miss something. You headbutt something!
You hear some strange, mumbled words.
A magic dart appears from out of thin air!
The magic dart hits you!
You die...

###### #....#
########### #....#
#.#@......# #....#
#.#.{.....# #....#
#.#'####### ###.<..#
#.##'## ##>'>.(.#
######.#...#
##'#####.#
#......#...#
#......#.#
#.###..#...#
#......#.# #.#
#..#...# #......#.#
#.#
#..#...############..


There were no monsters in sight!

Vanquished Creatures
  An iguana (D:3)
  3 gnolls (D:3)
  6 adders
  A worm (D:3)
  2 dart slugs (D:1)
  3 orcs (D:3)
  6 ball pythons
  4 bats
  5 endoplasms
  A giant cockroach (D:1)
  11 hobgoblins
  4 jackals (D:1)
  2 quokkas (D:1)
  2 frilled lizards
  2 goblins
  7 kobolds
  3 rats
63 creatures vanquished.

Vanquished Creatures (others)
  4 plants (D:2)
4 creatures vanquished.

Grand Total: 67 creatures vanquished

Notes
Turn   | Place    | Note
-------+----------+-------------------------------------------
     0 | D:1      | ders the Minotaur Berserker began the quest for the Orb.
     0 | D:1      | Reached XP level 1. HP: 19/19 MP: 0/0
   221 | D:1      | Reached XP level 2. HP: 24/27 MP: 1/1
   359 | D:1      | Reached XP level 3. HP: 8/34 MP: 2/2
  1541 | D:2      | Reached XP level 4. HP: 34/41 MP: 3/3
  1758 | D:2      | Reached ** piety under Trog
  1768 | D:2      | Reached skill level 5 in Fighting
  1903 | D:2      | Reached skill level 5 in Axes
  2236 | D:3      | Found a faded altar of an unknown god.
  2313 | D:3      | Reached XP level 5. HP: 41/48 MP: 4/4
  2446 | D:3      | Found a shadowy altar of Dithmenos.
  2723 | D:1      | Killed from afar by an orc wizard

Illustrated notes

Levels and vault maps discovered:
D:1:      dpeg_arrival_connections, layout_basic
D:2:      layout_basic, serial_bayou_crossing
D:3:      kb_forest_paths, layout_loops_ring,
          mainiacjoe_overflow_surrounded_room, mainiacjoe_overflow_brackets,
          chequers_ecumenical_altar_lobes

Skill      XL: |  1  2  3  4 |
---------------+-------------+-----
Fighting       | 4 5 |  5.7
Axes           | 4 5 |  5.7
Armour         | |  2.5
Dodging        | |  2.2

Action                   |  1- 3 |  4- 6 || total
-------------------------+-------+-------++-------
Melee: Hand axe          |    71 |    51 ||   122
       Headbutt          |     6 |     9 ||    15
Invok: Berserk           |     1 |     1 ||     2
 Stab: Sleeping          |     1 |     1 ||     2
Armor: Animal skin       |     9 |    11 ||    20
Dodge: Dodged            |    39 |    29 ||    68

Table legend: (Time is in decaauts)
 A = Elapsed time spent in this place.
 B = Non-inter-level travel time spent in this place.
 C = Inter-level travel time spent in this place.
 D = Time resting spent in this place.
 E = Time spent auto-exploring this place.
 F = Levels seen in this place.
 G = Mean time per level.
                   A        B        C        D        E       F      G
               +--------+--------+--------+--------+--------+-----+--------+
         Total |   2745 |   2710 |     35 |    253 |   2144 |   3 |  915.0 |
       Dungeon |   2745 |   2710 |     35 |    253 |   2144 |   3 |  915.0 |
               +--------+--------+--------+--------+--------+-----+--------+

Top non-repeatable levels by time:
     D:1: 1283 daAuts
     D:2: 847 daAuts
     D:3: 614 daAuts
